 Dungeon Crawl Stone Soup version 0.21-a0-94-gdd6ab6a (webtiles) character file.

92869 4thArraOfDagon the Sharpshooter (level 16, -17/112 HPs)
             Began as a Halfling Hunter on July 3, 2017.
             Was a Priest of Ru.
             Killed from afar by a deep elf mage (33 damage)
             ... with a bolt of lightning
             ... on level 2 of the Elven Halls.
             The game lasted 01:48:53 (25347 turns).

4thArraOfDagon the Sharpshooter (Halfling Hunter)  Turns: 25347, Time: 01:48:55

Health: -17/112    AC: 27    Str: 14    XL:     16   Next: 55%
Magic:  18/18      EV: 14    Int: 10    God:    Ru [***...]
Gold:   784        SH:  4    Dex: 19    Spells: 13/15 levels left

rFire    . . .     SeeInvis +   z - +5 arbalest "Usytyko" {elec, rN++ Int-3 Dex+2 SInv}
rCold    . . .     Gourm    .   (shield currently unavailable)
rNeg     + + .     Faith    +   c - +7 plate armour of Compassion {rPois}
rPois    +         Spirit   .   (no helmet)
rElec    .         Reflect  .   Y - +2 cloak {MR+}
rCorr    +         Harm     .   v - +0 pair of gloves
MR       +....     Clarity  +   (no boots)
Stlth    ..........             C - amulet of faith
HPRegen  0.28/turn              D - +2 ring of evasion
MPRegen  0.16/turn              V - ring of resist corrosion

@: exhausted, no potions, drained
A: hooves 1, large bone plates 1, rugged brown scales 1, see invisible, clarity,
mutation resistance 1, inability to drink while threatened, no charms magic, no
hexes magic, no poison magic, magic vulnerability 1
a: Draw Out Power, Renounce Religion


You were on level 2 of the Elven Halls.
You worshipped Ru.
Ru was most pleased with you.
You were not hungry.

You visited 5 branches of the dungeon, and saw 26 of its levels.
You visited the Abyss 1 time.

You collected 2423 gold pieces.
You spent 1639 gold pieces at shops.

Inventory:

Hand Weapons
 b - a +1 long sword of holy wrath
 p - a +2 arbalest of flaming
 w - a +1 demon blade of venom
 z - the +5 arbalest "Usytyko" (weapon) {elec, rN++ Int-3 Dex+2 SInv}
   (You bought it in a shop on level 4 of the Dungeon)

   It charges the ammunition it shoots with electricity; occasionally upon a
   hit, such missiles may discharge and cause terrible harm.
   It affects your intelligence (-3).
   It affects your dexterity (+2).
   It greatly protects you from negative energy.
   It lets you see invisible.
 I - a +1 scimitar of flaming
Missiles
 d - 18 bolts (quivered)
 y - 17 curare-tipped needles
Armour
 c - the +7 plate armour of Compassion (worn) {rPois}
   (You bought it in a shop on level 4 of the Dungeon)

   It protects you from poison.
 v - a +0 pair of gloves (worn)
 H - the +3 warlock's mirror {reflect}
   (You bought it in a shop on level 2 of the Orcish Mines)
 J - a +2 robe of cold resistance
 Y - a +2 cloak of magic resistance (worn)
Magical Staves
 t - an uncursed staff of wizardry {!a}
 Z - an uncursed staff of conjuration {!a}
Jewellery
 a - an uncursed ring of positive energy
 C - an amulet of faith (around neck)
 D - a +2 ring of evasion (left hand)
 V - a ring of resist corrosion (right hand)
Wands
 e - a wand of clouds (1/9)
 o - a wand of disintegration (10/24)
 u - a wand of polymorph (10/24)
 x - a wand of digging (2/24)
 N - a wand of random effects (43/48)
 Q - a wand of acid (9/15)
 S - a wand of flame (14/48)
 X - a wand of digging (13/24)
Scrolls
 k - 5 scrolls of blinking
 l - 4 scrolls of teleportation
 q - a scroll of torment
 r - 8 scrolls of remove curse
 G - 2 scrolls of recharging
 L - 2 scrolls of fear
 O - 2 scrolls of fog
 T - a scroll of amnesia
 U - a scroll of magic mapping
Potions
 i - 5 potions of agility
 j - 5 potions of curing
 m - 2 potions of flight
 n - a potion of degeneration
 s - 2 potions of lignification
 A - 4 potions of heal wounds
 B - 5 potions of brilliance
 E - a potion of resistance
 F - 3 potions of mutation
 K - 2 potions of haste
 M - 3 potions of might
 P - a potion of magic
Miscellaneous
 h - a fan of gales
 W - a phial of floods
Comestibles
 f - 11 bread rations
 g - 12 meat rations
 R - 3 royal jellies


   Skills:
 - Level 10.0(9.7) Fighting
 * Level 14.2(13.9) Long Blades
 - Level 18.0(17.6) Crossbows
 - Level 10.0(9.7) Armour
 - Level 11.2(10.9) Dodging
 - Level 1.1(0.9) Stealth
 - Level 3.0(2.7) Evocations


You had 13 spell levels left.
You knew the following spells:

 Your Spells              Type           Power        Failure   Level  Hunger
a - Blink                 Tloc           N/A          100%        2    ###....


Dungeon Overview and Level Annotations

Branches:
Dungeon (15/15)            Temple (1/1) D:6            Lair (6/6) D:11
 Spider (0/4) Lair:2        Slime (0/5) Lair:5          Orc (2/2) D:10
    Elf (2/3) Orc:2        Depths (0/5) D:15
  Swamp: Lair:2-4    Shoals: Lair:2-4    Vaults: D:13-14

Altars:
Elyvilon
Fedhas
Gozag
Hepliaklqana
Kikubaaqudgha
Makhleb
Nemelex Xobeh
Qazlal
Ru
Uskayaw
Vehumet
Xom
Yredelemnul
Zin
The Shining One
Beogh
Jiyva

Shops:
D:4 [(   D:11 =   Orc:1 ?   Orc:2 *(}!%   Elf:1 =*(=   Elf:2 (*}

Portals:
Pandemonium: Orc:2
Trove: Elf:2 (give +6 fire dragon scales)

Annotations:
Lair:1 Duffy's ghost, journeyman DsGl
Lair:4 Harold
Orc:2 exclusion: oklob plant


Innate Abilities, Weirdness & Mutations

You are small and have problems with some larger weapons.
You are somewhat resistant to further mutation.
You cannot drink potions while threatened.
You cannot study or cast Charms magic.
You cannot study or cast Hexes magic.
You cannot study or cast Poison magic.
You are slightly vulnerable to magic. (MR-)
You have large cloven feet.
You are partially covered in large bone plates. (SH +4)
You are partially covered in rugged brown scales. (AC +1, +3% HP)
You have supernaturally acute eyesight. (SInv)
You possess an exceptional clarity of mind.


Message History

The deep elf mage is moderately wounded.
You block the deep elf mage's attack.
Unknown command.
Firing (i - inventory):
d - 20 bolts (quivered)
Press: ? - help, Shift-Dir - straight line, f/p - deep elf mage
Aim: a deep elf mage, wielding a long sword and wearing a leather armour (moderately wounded)
You shoot a bolt. The bolt hits the deep elf mage!!
The deep elf mage is almost dead.
The deep elf mage gestures at you while chanting.
The bolt of lightning hits you!
* * * LOW HITPOINT WARNING * * *
Unknown command.
Firing (i - inventory):
d - 19 bolts (quivered)
Press: ? - help, Shift-Dir - straight line, f/p - deep elf mage
Aim: a deep elf mage, wielding a long sword and wearing a leather armour (almost dead)
You shoot a bolt.
The bolt closely misses the deep elf mage.
The deep elf mage gestures at you while chanting.
The bolt of lightning hits you!
You die...

,,,,,,,,* #..# ##
,,,,,,,,* #..# #.#
,,,,,,,,* #.e# #.#
,,,,,,,,* #..# #.#
e'******* #.e# #.#
.,* #..# #.# ..*
#..##.#
e.##########..#e##
...........).e(#@#
.......<.....).##.#
################
#.# #.# #.# #.# #.#
##


You could see a deep elf mage.

Vanquished Creatures
  A deep elf elementalist (Orc:2)
  A stone giant (Orc:1)
  2 deep elf demonologists (Elf:1)
  Josephine (D:15)
  A fire dragon (Lair:6)
  6 hydras
  2 two-headed ogres
  Erica (D:8)
  3 dancing weapons
  6 death yaks (Lair:6)
  10 orc high priests
  3 deep elf knights
  A soul eater (Orc:2)
  A sun demon (Orc:2)
  A gelid demonspawn (Orc:2)
  2 torturous demonspawn (Orc:2)
  The ghost of nubinia the Zephyrmancer, a novice TeAE of Sif Muna (D:11)
  3 deep elf archers
  An infernal demonspawn (Orc:2)
  The ghost of 4thArraOfDagon the Carver, a novice HaHu of Trog (D:9)
  2 wizards
  8 orc knights
  A wolf spider zombie (D:14)
  A lindwurm (Lair:6)
  5 cyclopes
  A wolf spider (D:14)
  5 orc sorcerers
  21 deep elf magi
  A guardian serpent (shapeshifter) (Elf:1)
  Maurice (D:11)
  Joseph (D:10)
  A rust devil (Orc:2)
  Psyche (D:10)
  8 black mambas
  2 molten gargoyles (Lair:6)
  An orange demon (Orc:2)
  6 kobold demonologists
  9 spiny frogs
  2 rime drakes
  7 komodo dragons
  A hellwing (Orc:2)
  A red devil (Orc:2)
  The ghost of anet the Magician, a novice DEWz (D:5)
  5 trolls
  3 polar bears
  Grinder (D:3)
  7 hippogriffs
  6 dream sheep (Lair:6)
  12 blink frogs
  A meliai zombie (D:13)
  A water elemental (Elf:2)
  4 wraiths
  An air elemental (Orc:2)
  A human (D:10)
  5 basilisks (Lair:6)
  40 yaks
  8 wyverns
  A neqoxec (Orc:2)
  A steam dragon (Lair:6)
  6 vampire mosquitoes
  2 fire elementals (Elf:1)
  A hungry ghost (D:7)
  2 wargs (Orc:2)
  7 water moccasins
  A soldier ant (D:8)
  3 hell hounds (Lair:6)
  2 porcupines (Lair:3)
  Duvessa (D:4)
  2 swamp drakes
  A black bear (D:8)
  An eye of draining (D:10)
  42 orc warriors
  6 sky beasts
  2 necrophages
  10 wolves
  4 phantoms
  11 ogres
  5 centaurs
  11 crocodiles
  2 big kobolds
  12 bullfrogs
  Dowan (D:4)
  3 scorpions
  5 killer bees
  9 howler monkeys
  10 wights
  An electric eel (Lair:4)
  7 crimson imps
  2 quasits
  2 centaur zombies
  9 hounds
  A jelly (D:10)
  2 centaur skeletons
  A gnoll shaman (D:8)
  24 orc priests
  31 orc wizards
  Terence (D:3)
  8 iguanas
  8 worker ants
  7 hell rats (Lair:6)
  A hound zombie (D:6)
  A howler monkey skeleton (D:7)
  A worker ant zombie (D:11)
  14 gnolls
  6 adders
  2 shadow imps
  An ufetubus (Abyss:2)
  2 adder skeletons
  3 worms (D:2)
  3 dart slugs
  6 leopard geckos
  114 orcs
  A giant cockroach (D:5)
  12 hobgoblins
  9 jackals
  4 quokkas
  7 bats
  3 frilled lizards
  11 goblins
  2 jackal skeletons
  12 kobolds
  A leopard gecko zombie (D:6)
  3 rats
717 creatures vanquished.

Vanquished Creatures (collateral kills)
  A killer bee (D:12)
1 creature vanquished.

Vanquished Creatures (others)
  A death yak (Lair:6)
  A blink frog (Lair:6)
  2 yaks
  A wyvern (D:11)
  2 orc warriors
  An ogre (Orc:2)
  6 orcs
  11 fungi
  7 plants (Lair:6)
32 creatures vanquished.

Grand Total: 750 creatures vanquished

Notes
Turn   | Place    | Note
-------+----------+-------------------------------------------
     0 | D:1      | 4thArraOfDagon the Halfling Hunter began the quest for the Orb.
     0 | D:1      | Reached XP level 1. HP: 14/14 MP: 1/1
     2 | D:1      | Noticed a troll
     4 | D:1      | Noticed a formicid
     4 | D:1      | Noticed a felid
     6 | D:1      | Noticed an octopode
     8 | D:1      | Noticed a ghoul
     8 | D:1      | Noticed a draconian
    10 | D:1      | Noticed a gargoyle
    10 | D:1      | Noticed a tengu
    12 | D:1      | Noticed a halfling
    12 | D:1      | Noticed a vine stalker
    14 | D:1      | Noticed an ogre
    14 | D:1      | Noticed a spriggan
    16 | D:1      | Noticed a centaur
    16 | D:1      | Noticed a demonspawn
    18 | D:1      | Noticed a vampire
    18 | D:1      | Noticed a naga
    20 | D:1      | Noticed a minotaur
    22 | D:1      | Noticed an elf
    22 | D:1      | Noticed a dwarf
    24 | D:1      | Noticed a merfolk
    26 | D:1      | Noticed a human
    26 | D:1      | Noticed a demigod
    44 | D:1      | Reached XP level 2. HP: 19/19 MP: 2/2
   134 | D:2      | Reached skill level 5 in Crossbows
   236 | D:3      | Noticed Grinder
   343 | D:4      | Found a hazy altar of Hepliaklqana.
   348 | D:4      | Reached XP level 3. HP: 24/24 MP: 3/3
   397 | D:4      | Found Locvad's Antique Weapon Boutique.
   406 | D:4      | Reached XP level 4. HP: 26/29 MP: 4/4
   451 | D:4      | Reached skill level 6 in Crossbows
   610 | D:5      | Entered Level 5 of the Dungeon
   657 | D:5      | Reached XP level 5. HP: 34/34 MP: 5/5
   680 | D:6      | Reached skill level 7 in Crossbows
   685 | D:6      | Noticed a bullfrog
   693 | D:6      | Killed a bullfrog
   693 | D:6      | Reached XP level 6. HP: 30/39 MP: 6/6
   739 | D:7      | Noticed a sky beast
   752 | D:7      | Killed a sky beast
   752 | D:7      | Reached skill level 8 in Crossbows
  1114 | D:7      | Noticed a hungry ghost
  1369 | D:5      | Reached XP level 7. HP: 44/44 MP: 7/7
  1441 | D:4      | Noticed Duvessa
  1444 | D:4      | Noticed Dowan
  1463 | D:5      | Reached skill level 9 in Crossbows
  1554 | D:5      | Noticed anet's ghost (novice DEWz)
  1825 | D:4      | Found Xoluhao's Antique Armour Emporium.
  2063 | D:6      | Reached skill level 10 in Crossbows
  2063 | D:6      | Reached XP level 8. HP: 44/49 MP: 8/8
  2128 | D:7      | Noticed a hippogriff
  2165 | D:7      | Killed a hippogriff
  2391 | D:7      | Reached skill level 11 in Crossbows
  3001 | D:6      | Reached XP level 9. HP: 49/54 MP: 9/9
  3010 | D:6      | Reached skill level 12 in Crossbows
  3251 | D:5      | Killed anet's ghost
  3414 | D:4      | FU
  3527 | D:4      | Bought a crystal arbalest for 171 gold pieces
  3538 | D:5      | Identified the +5 arbalest "Usytyko" {elec, rN++ Int-3 Dex+2 SInv} (You bought it in a shop on level 4 of the Dungeon)
  3677 | D:6      | Found a staircase to the Ecumenical Temple.
  3685 | Temple   | Entered the Ecumenical Temple
  3708 | Temple   | Became a worshipper of Ru the Awakened
  3836 | D:6      | Reached skill level 13 in Crossbows
  4072 | D:4      | Killed Duvessa
  4074 | D:4      | Killed Dowan
  4358 | D:3      | Paralysed by Grinder for 2 turns
  4365 | D:3      | Killed Grinder
  4641 | D:1      | Gained mutation: You are slightly vulnerable to magic. (MR-) [Ru sacrifice]
  4641 | D:1      | Reached * piety under Ru
  5268 | D:3      | Noticed Terence
  5276 | D:3      | Killed Terence
  5829 | D:6      | Reached skill level 14 in Crossbows
  5946 | D:7      | Reached XP level 10. HP: 56/60 MP: 10/10
  6288 | D:8      | Noticed Erica
  6307 | D:8      | Killed Erica
  6307 | D:8      | Reached skill level 15 in Crossbows
  6475 | D:8      | Reached skill level 16 in Crossbows
  6635 | D:8      | Gained mutation: You cannot drink potions while threatened. [Ru sacrifice]
  6635 | D:8      | Reached ** piety under Ru
  7064 | D:9      | Reached XP level 11. HP: 58/64 MP: 11/11
  7208 | D:9      | Noticed 4thArraOfDagon's ghost (novice HaHu)
  7219 | D:9      | Killed 4thArraOfDagon's ghost
  7244 | D:9      | Reached skill level 17 in Crossbows
  7415 | D:10     | Entered Level 10 of the Dungeon
  7599 | D:10     | Noticed a deep elf mage
  7601 | D:10     | Killed a deep elf mage
  7661 | D:10     | Noticed Joseph
  7960 | D:10     | Killed Joseph
  7976 | D:10     | Gained mutation: You are partially covered in large bone plates. (SH +4) [mutagenic meat]
  7977 | D:10     | Gained mutation: You have large cloven feet. [mutagenic meat]
  7979 | D:10     | Gained mutation: You have supernaturally acute eyesight. (SInv) [mutagenic meat]
  8428 | D:10     | Noticed Psyche
  8431 | D:10     | Killed Psyche
  8486 | D:10     | Reached skill level 18 in Crossbows
  8508 | D:10     | Found a staircase to the Orcish Mines.
  8639 | D:11     | Noticed nubinia's ghost (novice TeAE)
  8696 | D:12     | Reached skill level 1 in Armour
  8779 | D:12     | Noticed a cyclops
  8784 | D:12     | Killed a cyclops
  8784 | D:12     | Reached skill level 1 in Evocations
  8946 | D:12     | Reached XP level 12. HP: 48/72 MP: 13/13
  9286 | D:11     | Found Ruluck's Jewellery Shoppe.
  9327 | D:11     | Noticed Maurice
  9333 | D:11     | Killed Maurice
  9398 | D:11     | You fall through a shaft!
  9526 | D:11     | Found a staircase to the Lair.
  9707 | D:11     | Killed nubinia's ghost
  9962 | D:14     | Reached skill level 5 in Fighting
 10014 | D:15     | Entered Level 15 of the Dungeon
 10064 | D:15     | Noticed Josephine
 10072 | D:15     | Killed Josephine
 10072 | D:15     | Reached skill level 5 in Dodging
 10638 | D:14     | Noticed a two-headed ogre
 10640 | D:14     | Killed a two-headed ogre
 10642 | D:14     | Noticed a four-headed hydra
 10648 | D:14     | Killed a four-headed hydra
 10648 | D:14     | Reached skill level 5 in Armour
 10694 | D:14     | Noticed a soul eater
 10740 | D:14     | Reached XP level 13. HP: 86/86 MP: 15/15
 12079 | D:13     | Gained mutation: You possess an exceptional clarity of mind. [mutagenic meat]
 12080 | D:13     | Gained mutation: You are partially covered in rugged brown scales. (AC +1, +3% HP) [mutagenic meat]
 12794 | D:4      | Bought a smoking plate armour for 700 gold pieces
 12810 | D:4      | Identified the +7 plate armour of Compassion {rPois} (You bought it in a shop on level 4 of the Dungeon)
 12963 | Orc:1    | Entered Level 1 of the Orcish Mines
 13199 | Orc:1    | Found a roughly hewn altar of Beogh.
 13275 | Orc:1    | Found Piont's Magic Scroll Shoppe.
 13499 | Orc:1    | Bought 3 scrolls of identify for 84 gold pieces
 13684 | Orc:2    | Entered Level 2 of the Orcish Mines
 13820 | Orc:2    | Found Nuczoy Alogu's General Store.
 14648 | Orc:2    | Found Ruofigyq's Distillery.
 14650 | Orc:2    | Found Cefel's Food Shoppe.
 15535 | Orc:2    | Found a staircase to the Elven Halls.
 15610 | Orc:2    | Reached skill level 10 in Fighting
 15610 | Orc:2    | Reached XP level 14. HP: 101/101 MP: 16/16
 16737 | Orc:2    | Reached skill level 10 in Dodging
 17115 | Orc:2    | Reached skill level 10 in Armour
 17186 | Orc:2    | Found a one-way gate leading to the halls of Pandemonium.
 17186 | Orc:2    | Found Qoraez's Gadget Shop.
 17186 | Orc:2    | Found Opsi's Antique Weapon Boutique.
 17816 | Orc:2    | Reached skill level 1 in Long Blades
 17917 | Orc:1    | Found a roughly hewn altar of Beogh.
 18040 | Orc:1    | Noticed a stone giant
 18079 | Orc:1    | Killed a stone giant
 18129 | Orc:2    | Bought the +3 warlock's mirror {reflect} for 600 gold pieces
 18218 | Lair:1   | Entered Level 1 of the Lair of Beasts
 18337 | Lair:2   | Found a hole to the Spider Nest.
 18631 | Lair:1   | Reached skill level 5 in Long Blades
 18765 | Lair:2   | Identified a scroll of acquirement
 18896 | Lair:4   | Reached XP level 15. HP: 89/106 MP: 17/17
 18979 | Lair:4   | Noticed Harold
 19075 | Lair:6   | Entered Level 6 of the Lair of Beasts
 19730 | Lair:6   | Learned a level 2 spell: Blink
 19810 | Lair:5   | You fall through a shaft!
 20003 | Lair:6   | SRLY
 20088 | Lair:5   | magipi: you autoexplore? what happened? :D
 20126 | Lair:4   | 4thArraOfDagon: missclick obviously :)
 20170 | Lair:5   | Found a staircase to the Slime Pits.
 20171 | Lair:5   | Found a viscous altar of Jiyva.
 20699 | Lair:6   | Reached skill level 10 in Long Blades
 21527 | Lair:6   | Found a large runed door.
 21951 | Lair:6   | Found a large runed door.
 22573 | Lair:6   | magipi: no loot?
 22591 | Lair:6   | magipi: wow
 22977 | Lair:2   | Reached XP level 16. HP: 107/112 MP: 18/18
 23126 | Lair:1   | Noticed Duffy's ghost (journeyman DsGl)
 23274 | Elf:1    | Entered Level 1 of the Elven Halls
 23422 | Elf:1    | Found Qayz's General Store.
 23519 | Elf:1    | Found Roelead's Jewellery Boutique.
 23596 | Elf:1    | Found Zuytuliul's Antique Weapon Emporium.
 23646 | Elf:1    | Cast into level 2 of the Abyss (a deep elf demonologist)
 23776 | Elf:1    | Escaped the Abyss
 23788 | Elf:1    | Found Ylata's Jewellery Boutique.
 24158 | Elf:1    | Gained mutation: You cannot study or cast Poison magic. [Ru sacrifice]
 24158 | Elf:1    | Gained mutation: You cannot study or cast Hexes magic. [Ru sacrifice]
 24158 | Elf:1    | Gained mutation: You cannot study or cast Charms magic. [Ru sacrifice]
 24158 | Elf:1    | Reached *** piety under Ru
 24685 | Elf:2    | Found Gulaplem's Assorted Antiques.
 24718 | Elf:2    | Bought a bubbling orange potion for 26 gold pieces
 24718 | Elf:2    | Bought a scroll of identify for 58 gold pieces
 24892 | Elf:2    | Found Katinan's Antique Weapon Boutique.
 25148 | Elf:2    | Found Jinurrai's Gadget Shoppe.
 25206 | Elf:2    | Found a portal to a secret trove of treasure.
 25347 | Elf:2    | Killed from afar by a deep elf mage

Vault maps used:
D:1:      kb_arrival_jail
D:2:      mrwooster_statue_mirror, st_stairs_13, serial_bayou_pond_e
D:3:      uniq_grinder, uniq_terence
D:4:      old_standard_altar, serial_shops, nicolae_shop_stone, shop,
          uniq_duvessa
D:5:      first_bread
D:6:      minmay_temple_entry_nine_rooms
D:8:      uniq_joseph, uniq_erica
D:10:     erik_orc_1, hangedman_stone_soup, uniq_psyche
D:11:     lair_entry_dummy, serial_shops, kennysheep_mini_moat,
          serial_column_ruins, column_ruins_open_medium, column_ruins_columns_T,
          column_ruins_open_small, column_ruins_grid_1, column_ruins_grid_1,
          serial_park_tiny_2, uniq_maurice
D:12:     serial_glass, glass_columns_a, glass_columns_b, corexii_checkpoint_a,
          kennysheep_cross_bottleneck
D:13:     david_vaults_4
D:15:     hangedman_depths_entry_try_elsewhere_first,
          einodemon_barbed_minivault, uniq_roxanne, uniq_josephine, uniq_rupert
Temple:   nicolae_temple_the_god_donut
Lair:2:   nicolae_spider_entry_orb_guardian, infiniplex_staircase_pool_2
Lair:3:   nicolae_swamp_entry_splash_gauntlet, gammafunk_lair_bear_cave,
          lemuel_fruit_fields
Lair:4:   serial_bayou_ford_a, uniq_harold
Lair:5:   slime_altar_1
Lair:6:   cheibrodos_lair_end_hotspot, lemuel_fruit_fields, lemuel_fruit_tree
Orc:1:    serial_shops, shop, basic_altar, mines1_david
Orc:2:    pf_orc_diabolical, serial_shops, nicolae_shop_window_shopping,
          mines3_lemuel
Elf:1:    serial_shops, shop, shop_fountains, shop_statue, nicolae_shop_crystal,
          minmay_elf_demonology
Elf:2:    enter_trove_1, serial_shops, shop_statue, nicolae_shop_trees, shop,
          nicolae_shop_temple_entry_statues_fountains, shop
Abyss:2:  evilmike_abyss_exit_mutagenic, evilmike_abyss_exit_10

Skill      XL: |  1  2  3  4  5  6  7  8  9 10 11 12 13 14 15 16 |
---------------+-------------------------------------------------+-----
Crossbows      | 5 6 7 8 10 11 14 16 18 | 18.0
Fighting       | 3 7 10 | 10.0
Armour         | 1 5 7 10 | 10.0
Dodging        | 3 6 8 11 | 11.2
Evocations     | 1 3 |  3.0
Long Blades    | 5 12 14 | 14.2
Stealth        | |  1.1

Action                   |  1- 3 |  4- 6 |  7- 9 | 10-12 | 13-15 | 16-18 || total
-------------------------+-------+-------+-------+-------+-------+-------++-------
Melee: Short sword       |    13 |    49 |    17 |       |       |       ||    79
       Flail             |       |       |   236 |   196 |   523 |       ||   955
       Kick              |       |       |       |    35 |   522 |    94 ||   651
       Scimitar          |       |       |       |       |    88 |       ||    88
       Demon blade       |       |       |       |       |   811 |   275 ||  1086
 Fire: Hand crossbow     |    18 |    42 |   141 |       |       |       ||   201
       Arbalest          |       |       |    49 |   382 |   359 |    22 ||   812
Throw: Tomahawk          |       |     6 |       |       |       |       ||     6
Invok: Sacrifice Essence |       |       |     1 |       |       |       ||     1
       Sacrifice Drink   |       |       |       |     1 |       |       ||     1
       Reject Sacrifices |       |       |       |     1 |     1 |       ||     2
       Draw Out Power    |       |       |       |       |       |     1 ||     1
       Sacrifice Arcana  |       |       |       |       |       |     1 ||     1
Evoke: Wand              |       |       |     1 |     2 |    12 |    10 ||    25
       Phial of floods   |       |       |       |     1 |       |       ||     1
  Use: Scroll            |     6 |     3 |     9 |    13 |    14 |     5 ||    50
       Potion            |       |       |     1 |     3 |       |       ||     4
 Stab: Sleeping          |     1 |       |       |       |       |       ||     1
       Distracted        |       |       |       |       |     5 |       ||     5
       Invisible         |       |       |       |       |     5 |       ||     5
  Eat: Chunk             |       |     5 |    11 |    11 |    23 |     3 ||    53
       Royal jelly       |       |       |     2 |       |     6 |     2 ||    10
       Fruit             |       |       |     4 |     2 |    15 |       ||    21
       Meat ration       |       |       |       |     2 |       |       ||     2
Armor: Leather armour    |     1 |       |       |       |       |       ||     1
       Chain mail        |     6 |    30 |       |    89 |    68 |       ||   193
       Scale mail        |       |     1 |   161 |    74 |       |       ||   236
       Plate armour      |       |       |       |       |   638 |    96 ||   734
Dodge: Dodged            |    10 |    33 |   287 |   299 |   883 |    78 ||  1590
Block: Other             |       |       |       |    41 |   267 |    21 ||   329
       Rpst.: Scimitar   |       |       |       |       |    14 |       ||    14
       Demon blade       |       |       |       |       |   117 |    16 ||   133
